Map: Prion Terraces

Players

Jonic - Winner!

  • Race: Protoss Protoss
  • League: Master

Meddle

  • Race: Terran Terran
  • League: Master

VOD

Have the link to the VOD?

Description

Time

  • Played on: Dec. 5, 2015, 7:33 a.m.
  • Length: 19:22
Show
View Real Time Build Order
Export as new Build Order

Jonic Protoss - Winner!

Build Orders: 1 Gate Expand, Blink Stalkers, Colossus Rush 

Get SALT Encoding   

  12  0:01  Probe (Chrono Boost)  
  13  0:11  Probe (Chrono Boost)  
  14  0:17  Pylon  
  14  0:22  Probe (Chrono Boost)  
  16  0:36  Probe (Chrono Boost), Gateway  
  16  0:43  Assimilator  
  16  0:46  Probe (Chrono Boost)  
  17  0:57  Probe (Chrono Boost)  
  18  1:07  Probe (Chrono Boost)  
  19  1:20  Nexus  
  19  1:29  Cybernetics Core  
  19  1:32  Probe (Chrono Boost)  
  20  1:38  Assimilator  
  20  1:42  Probe (Chrono Boost)  
  21  1:53  Probe (Chrono Boost)  
  22  1:54  Pylon  
  22  2:03  Probe (Chrono Boost)  
  22  2:05  Warp Gate  
  23  2:14  Mothership Core (Chrono Boost)  
  25  2:18  Adept  
  27  2:32  Probe (Chrono Boost)  
  27  2:35  Probe (Chrono Boost)  
  28  2:43  Probe (Chrono Boost)  
  29  2:46  Probe (Chrono Boost), Robotics Facility  
  30  2:53  Probe (Chrono Boost)  
  30  2:56  Probe (Chrono Boost)  
  30  2:57  Twilight Council  
  32  3:04  Probe (Chrono Boost)  
  33  3:07  Probe (Chrono Boost)  
  34  3:15  Probe (Chrono Boost)  
  34  3:17  Probe (Chrono Boost)  
  36  3:22  Gateway  
  36  3:23  Gateway  
  36  3:25  Probe (Chrono Boost)  
  37  3:29  Probe (Chrono Boost)  
  38  3:36  Probe (Chrono Boost)  
  38  3:39  Probe (Chrono Boost)  
  40  3:46  Probe (Chrono Boost)  
  41  3:49  Probe (Chrono Boost)  
  42  3:57  Blink  
  42  3:58  Observer (Chrono Boost)  
  42  3:59  Probe x2  
  45  4:05  Assimilator  
  45  4:09  Pylon, Assimilator  
  43  4:12  Probe, Pylon  
  43  4:13  Probe  
  46  4:17  Observer (Chrono Boost)  
  46  4:21  Pylon x2  
  46  4:30  Stalker x2  
  46  4:31  Stalker  
  52  4:36  Observer (Chrono Boost)  
  53  4:55  Stalker x2  
  53  4:56  Stalker  
  59  5:00  Nexus  
  59  5:02  Pylon  
  59  5:11  Robotics Bay, Pylon  
  59  5:18  Probe  
  59  5:20  Probe, Forge  
  59  5:29  Probe  
  59  5:32  Probe  
  61  5:39  Probe  
  61  5:40  Stalker x3  
  68  5:44  Probe  
  68  5:45  Protoss Ground Armor Level 1 (Chrono Boost)  
  71  5:55  Probe  
  71  5:56  Colossus  
  70  5:57  Probe  
  77  6:07  Probe  
  77  6:09  Pylon  
  77  6:10  Probe  
  79  6:11  Probe  
  78  6:19  Probe  
  78  6:21  Stalker x2  
  78  6:22  Probe  
  78  6:23  Probe  
  85  6:31  Probe  
  86  6:34  Probe x2  
  86  6:37  Extended Thermal Lance  
  86  6:38  Resonating Glaives (Chrono Boost)  
  88  6:45  Gateway  
  89  6:48  Gateway, Assimilator  
  89  6:49  Sentry  
  89  6:51  Gateway  
  89  6:52  Assimilator  
  90  6:58  Colossus (Chrono Boost)  
  90  7:01  Zealot x2  
  100  7:17  Gateway  
  100  7:18  Gateway  
  100  7:22  Gateway  
  100  7:23  Adept x3  
  106  7:30  Pylon  
  106  7:31  Pylon  
  105  7:46  Protoss Ground Armor Level 2 (Chrono Boost)  
  105  7:51  Colossus (Chrono Boost), Nexus  
  105  7:53  Forge, Pylon  
  111  8:02  Adept x4  
  119  8:08  Pylon  
  119  8:09  Pylon  
  119  8:13  Pylon  
  119  8:26  Protoss Ground Weapons Level 1 (Chrono Boost)  
  119  8:27  Templar Archives  
  119  8:33  Colossus (Chrono Boost)  
  119  8:35  Gateway  
  119  8:36  Gateway  
  119  8:39  Gateway  
  125  9:02  Psionic Storm  
  125  9:03  Photon Cannon  
  125  9:06  Photon Cannon  
  125  9:09  Gateway, High Templar x2  
  129  9:10  High Templar x2  
  129  9:11  Gateway  
  129  9:14  Gateway  
  129  9:15  High Templar  
  129  9:16  Pylon  
  135  9:19  Photon Cannon  
  135  9:21  Zealot  
  137  9:29  Colossus (Chrono Boost)  
  143  9:39  Charge (Chrono Boost)  
  143  9:43  Zealot x2  
  143  9:44  Zealot x3  
  153  9:57  Zealot x3  
  153  9:58  Zealot x3  
  165  10:05  Protoss Ground Armor Level 3  
  165  10:09  Robotics Facility  
  165  10:11  Dark Shrine, Protoss Ground Weapons Level 2  
  165  10:25  Warp Prism  
  167  10:38  Assimilator  
  167  10:40  Assimilator  
  167  10:41  Adept x3  
  167  10:42  Adept  
  175  10:44  Gateway  
  175  10:46  Gateway  
  175  10:47  Gateway  
  175  10:49  Stalker x3  
  181  10:52  Stalker  
  183  10:57  Zealot  
  183  10:58  Zealot  
  187  11:20  Pylon  
  187  11:21  Pylon  
  187  11:23  Pylon  
  185  11:26  Pylon  
  185  11:28  Pylon  
  185  11:38  Stalker x3  
  185  11:39  Stalker x2  
  166  11:53  Zealot x4  
  166  11:54  Zealot x5  
  146  11:55  Zealot  
  146  12:10  High Templar  
  146  12:11  High Templar x4  
  146  12:14  Protoss Ground Weapons Level 3 (Chrono Boost)  
  156  12:17  Gateway  
  156  12:18  Gateway  
  156  12:19  Archon  
  156  12:20  High Templar, Archon  
  156  12:21  Gateway  
  156  12:22  High Templar  
  160  12:24  Gateway  
  160  12:25  Zealot x5  
  160  12:26  Gateway, Zealot  
  172  13:01  Zealot x2  
  172  13:02  Zealot x4  
  172  13:03  Zealot x5  
  172  13:04  Zealot x2  
  198  13:06  Protoss Air Weapons Level 1 (Chrono Boost)  
  198  13:08  Stargate  
  198  13:30  Pylon  
  195  14:01  Zealot  
  195  14:02  Zealot  
  194  14:30  Fleet Beacon  
  194  14:32  Protoss Shields Level 1 (Chrono Boost)  
  194  14:34  Nexus  
  194  14:35  Pylon  
  194  14:36  Pylon  
  194  14:41  Stargate  
  194  14:42  Stargate  
  194  14:43  Stargate  
  194  14:44  Observer (Chrono Boost)  
  195  14:56  Assimilator  
  195  14:58  Assimilator  
  195  15:00  Pylon  
  195  15:03  Pylon  
  195  15:35  Tempest (Chrono Boost)  
  190  15:38  Tempest (Chrono Boost)  
  190  15:41  Tempest (Chrono Boost)  
  199  15:43  Protoss Air Weapons Level 2 (Chrono Boost)  
  192  16:13  Tempest (Chrono Boost)  
  192  16:17  Tempest (Chrono Boost)  
  196  16:19  Tempest (Chrono Boost)  
  190  16:58  Tempest (Chrono Boost)  
  195  17:23  Gateway  
  193  17:43  Nexus  
  193  17:46  Pylon  
  186  18:04  Mothership Core  
  168  18:24  Tempest (Chrono Boost)  
  164  18:33  High Templar x3  
  164  18:34  High Templar x3  
Show
View Real Time Build Order
Export as new Build Order

Meddle Terran 

Build Orders: Reaper Expand, MMM Bio 

Get SALT Encoding   

  12  0:01  SCV  
  13  0:13  SCV  
  14  0:17  Supply Depot  
  14  0:25  SCV  
  15  0:39  SCV  
  15  0:40  Barracks  
  16  0:44  Refinery  
  16  0:51  SCV  
  17  1:03  SCV  
  18  1:15  SCV  
  19  1:27  Orbital Command  
  19  1:28  Reaper  
  20  1:39  Command Center  
  20  1:53  SCV  
  21  1:59  Refinery  
  21  2:00  Barracks Reactor  
  21  2:05  SCV  
  22  2:12  Supply Depot  
  22  2:17  SCV  
  23  2:25  Factory  
  23  2:34  SCV  
  23  2:36  Marine  
  23  2:37  Marine  
  26  2:46  SCV  
  26  2:50  Bunker  
  25  2:51  Orbital Command  
  27  2:58  SCV  
  28  3:02  Marine x2  
  29  3:10  SCV, Starport  
  29  3:12  Widow Mine  
  32  3:17  SCV  
  33  3:22  SCV  
  33  3:24  Supply Depot  
  33  3:25  Marine x2  
  36  3:29  SCV  
  37  3:34  SCV  
  37  3:35  Engineering Bay  
  37  3:40  Widow Mine  
  40  3:41  SCV  
  40  3:43  Marine x2  
  41  3:59  SCV x2  
  42  4:09  Supply Depot, Medivac, Marine x2  
  46  4:11  SCV x2  
  46  4:15  Barracks  
  46  4:16  Factory Tech Lab  
  48  4:22  Terran Infantry Weapons Level 1  
  48  4:23  SCV x2  
  50  4:33  Marine x2  
  50  4:35  SCV  
  50  4:38  SCV  
  54  4:39  Barracks  
  54  4:45  Liberator  
  54  4:50  SCV x2, Supply Depot  
  56  4:53  Marine x2  
  58  5:02  SCV  
  62  5:08  Command Center  
  62  5:12  SCV  
  63  5:14  SCV  
  63  5:16  Stimpack, Marine x2  
  66  5:24  SCV  
  66  5:25  Marine  
  66  5:26  SCV  
  69  5:29  Barracks Tech Lab  
  69  5:32  Liberator  
  67  5:36  SCV  
  67  5:38  SCV  
  66  5:48  SCV  
  66  5:49  Factory Reactor  
  67  5:50  Barracks  
  67  5:55  Supply Depot  
  67  5:56  Supply Depot, Barracks  
  70  5:58  Supply Depot, Armory  
  70  6:00  Engineering Bay  
  70  6:03  Refinery  
  70  6:04  Refinery  
  70  6:15  SCV  
  70  6:16  SCV, Terran Infantry Armor Level 1  
  69  6:24  Orbital Command  
  71  6:25  Marine, Marauder  
  71  6:26  Marine, Marauder  
  71  6:27  SCV  
  71  6:28  SCV  
  73  6:39  SCV  
  74  6:40  SCV  
  74  6:43  Orbital Command  
  74  6:44  Barracks Tech Lab  
  74  6:45  Barracks Reactor  
  75  6:50  Barracks x2  
  75  6:51  SCV  
  75  6:52  SCV  
  77  6:56  Medivac  
  77  6:57  Medivac  
  77  7:00  Starport  
  81  7:03  SCV  
  81  7:04  SCV  
  81  7:07  Refinery  
  83  7:09  Missile Turret  
  83  7:12  Missile Turret  
  83  7:14  Missile Turret  
  84  7:15  SCV  
  84  7:16  SCV  
  84  7:17  Terran Infantry Weapons Level 2  
  85  7:23  Marine x4  
  85  7:25  SCV  
  85  7:27  SCV  
  85  7:28  Combat Shields, SCV  
  92  7:33  Refinery  
  92  7:39  SCV, Medivac  
  92  7:40  SCV  
  96  7:55  Marauder  
  96  7:56  Marauder x2, Marine x4  
  96  7:57  Barracks Tech Lab x2  
  96  7:58  Command Center  
  105  8:03  Starport Reactor  
  105  8:14  Supply Depot x2  
  105  8:15  Supply Depot  
  105  8:17  Marauder x2  
  105  8:18  Terran Infantry Armor Level 2  
  109  8:25  Supply Depot x3  
  109  8:26  Marine x2  
  109  8:35  Marauder x2, Marine  
  109  8:40  Marauder x2, Marine x2  
  120  8:42  Liberator x2  
  120  8:44  Marine x2  
  121  8:49  Command Center  
  121  8:53  Marine  
  122  8:57  Marauder x2  
  122  8:58  Marine  
  137  9:10  Marine x2, Marauder x3  
  137  9:11  Supply Depot  
  137  9:12  Supply Depot, Planetary Fortress  
  137  9:14  Supply Depot  
  141  9:23  Marauder x2  
  144  9:32  Refinery  
  144  9:33  Refinery  
  144  9:34  Terran Infantry Weapons Level 3  
  144  9:37  Missile Turret  
  143  9:48  Supply Depot, Starport  
  143  9:49  Supply Depot x2  
  143  9:51  Terran Ship Weapons Level 1  
  145  9:53  Marauder x3  
  145  9:55  Marauder  
  145  9:56  Marine x2  
  145  9:57  Marine x3  
  156  10:02  Liberator  
  156  10:05  Planetary Fortress  
  156  10:08  Missile Turret  
  156  10:14  Marine x2  
  157  10:18  Marauder x2, Marine x5  
  157  10:19  Liberator  
  168  10:29  Refinery  
  168  10:30  Refinery  
  168  10:31  Marine  
  168  10:32  Marine  
  170  10:37  Marauder, Starport Tech Lab  
  170  10:39  Marauder x2  
  170  10:42  Liberator  
  179  11:00  Fusion Core  
  174  11:29  Liberator  
  174  11:30  Liberator x4  
  160  11:45  Marine, Marauder x3  
  160  11:46  Marine x4, Marauder  
  144  11:51  Advanced Ballistics  
  110  12:03  Marine  
  110  12:08  Marine, Marauder x5  
  115  12:12  Liberator x2  
  113  12:17  Command Center, Terran Infantry Armor Level 3  
  113  12:29  Marauder x2  
  126  12:30  Terran Ship Weapons Level 2, Marauder x3  
  126  12:33  Marine  
  130  12:44  Liberator x2  
  130  12:50  Marauder  
  130  12:51  Marauder x4  
  140  13:00  Marine x2  
  140  13:01  Command Center, Marine  
  140  13:02  Medivac  
  151  13:12  Marauder x2  
  157  13:13  Marauder  
  157  13:26  Liberator  
  157  13:29  Missile Turret  
  157  13:31  Planetary Fortress  
  157  13:43  Medivac x2  
  157  13:47  Marauder  
  157  13:48  Marauder  
  164  13:54  Marauder, Marine  
  164  13:55  Marauder  
  163  14:03  Refinery  
  157  14:12  Marauder x2, Marine  
  157  14:14  Liberator x3  
  157  14:15  Liberator  
  158  14:25  Refinery  
  158  14:30  Marauder, Marine  
  158  14:31  Marine x4, Marauder  
  153  14:33  Marine  
  153  14:35  Medivac  
  153  14:36  Marauder  
  173  14:39  SCV  
  174  14:48  Marine  
  174  14:49  Planetary Fortress, Marauder  
  174  14:51  Marauder  
  179  14:53  Marauder x2, Marine x2  
  185  15:00  Terran Ship Weapons Level 3  
  185  15:04  Marine, Marauder  
  185  15:05  Medivac  
  185  15:06  Refinery  
  190  15:11  Marauder  
  190  15:13  Marauder  
  188  15:35  Marine x2, Marauder x2  
  195  16:22  Ghost Academy  
  188  16:30  Command Center  
  188  16:33  Command Center  
  188  16:35  Command Center  
  188  16:36  Command Center  
  183  16:47  Viking x2  
  183  16:48  Viking x3  
  176  17:17  Viking x2  
  176  17:18  Viking x3  
  158  17:47  Viking x2, Orbital Command x2  
  158  17:49  Marauder  
  158  17:50  Marine x2, Marauder x2  
  153  18:08  Viking  
  153  18:09  Viking x2  
  123  18:25  Marauder  
  123  18:26  Marine, Marauder x2  
  102  18:31  Marauder x2, Marine x2  
  102  18:32  Marine  
  92  18:44  Marine  
  92  18:46  Marine  
  92  18:47  Marauder x2  
  96  18:49  Marine  
  96  18:55  Orbital Command  
Tags
 
Add a new tag
Caveats
  • Supply blocks, unpowered buildings, or Contaminate may cause inaccurate times.
  • Supply counts are checked every 10 seconds.